 Dungeon Crawl Stone Soup version 0.31.0-32-g396128a36d (webtiles) character file.

Game seed: 13617612721673049872

1123 Teroscates the Ruffian (level 8, -7/114 (117) HPs)
             Began as a Troll Berserker on Mar 21, 2024.
             Was a Priest of Trog.
             Mangled by a hornet (14 damage)
             ... on level 7 of the Dungeon.
             The game lasted 01:05:15 (4920 turns).

Teroscates the Ruffian (Troll Berserker)            Turns: 4920, Time: 01:05:17

HP:   -7/114 (117)  AC:  6    Str: 28    XL:     8   Next: 13%
MP:   7/7           EV: 10    Int:  3    God:    Trog [***...]
Gold: 330           SH:  0    Dex:  9    Spells: 7/7 levels left

rFire   . . .        r - +3 trident (freeze)
rCold   + . .        (no shield)
rNeg    . . .        F - +2 robe {rC+}
rPois   .            (helmet restricted)
rElec   .            (no cloak)
rCorr   .            (gloves unavailable)
SInv    .            (boots unavailable)
Will    .....        w - amulet of magic regeneration Stlth
                     (no ring)
HPRegen 1.19/turn    (no ring)
MPRegen 0.50/turn

%: no passive effects
@: berserking, lethally poisoned (-7 -> -13), slowed, lightly drained
A: large, unfitting armour, claws 3, regeneration 1, shaggy fur 1, tough skin 1
a: Renounce Religion, Berserk, Trog's Hand


You were on level 7 of the Dungeon.
You worshipped Trog.
Trog was most pleased with you.
You visited 1 branch of the dungeon, and saw 7 of its levels.

You collected 330 gold pieces.

Inventory:

Hand Weapons
 b - a +0 hand axe
 m - a +1 dagger of holy wrath
 r - a +3 trident of freezing (weapon)
 A - a +1 short sword of speed
Missiles
 e - 38 stones (quivered)
 k - a throwing net
 D - 6 boomerangs
Armour
 a - a +0 animal skin
 x - a +1 leather armour of cold resistance
 F - a +2 robe of cold resistance (worn)
Magical Staves
 i - a staff of fire
 u - a staff of earth
Jewellery
 w - an amulet of magic regeneration (around neck)
Wands
 g - a wand of paralysis (10)
 s - a wand of mindburst (13)
Scrolls
 c - 5 scrolls of identify
 f - a scroll of silence {unknown}
 n - 4 scrolls of noise
 o - a scroll of revelation
 q - 2 scrolls of blinking
 y - a scroll of teleportation {unknown}
 B - a scroll of fog
 C - a scroll of amnesia
 H - 3 scrolls of fear
 M - 2 scrolls of torment {unknown}
Potions
 d - a potion of invisibility {unknown}
 h - 4 potions of curing {unknown}
 j - 3 potions of brilliance {unknown}
 l - a potion of heal wounds {unknown}
 p - a potion of lignification {unknown}
 t - 2 potions of degeneration {unknown}
 v - a potion of enlightenment {unknown}
 z - a potion of resistance {unknown}
 E - a potion of might {unknown}
 G - a potion of attraction {unknown}


   Skills:
 + Level 3.8 Fighting
 - Level 1.0 Short Blades
 * Level 1.6 Polearms
 - Level 1.1 Throwing
 + Level 4.3 Dodging
 - Level 1.0 Stealth
 - Level 7.3 Unarmed Combat


You had 7 spell levels left.
You didn't know any spells.
Your spell library contained the following spells:

 Spells                   Type           Power      Damage    Failure   Level
 Stone Arrow              Conj/Erth      0%         3d7       88%         3
 Tukima's Dance           Hex            0%         N/A       88%         3
 Animate Armour           Summ/Erth      0%         N/A       99%         4
 Passage of Golubria      Tloc           0%         N/A       99%         4
 Yara's Violent Unravell  Hex/Alch       0%         3d3       100%        5
 Lehudib's Crystal Spear  Conj/Erth      0%         10d2      100%        8


Dungeon Overview and Level Annotations

Branches:
Dungeon (7/15)             Temple (0/1) D:7

Altars:
Ashenzari
Elyvilon
Okawaru

Shops:
D:2 [   D:4 [?*=(


Innate Abilities, Weirdness & Mutations

You are too large for most types of armour.
You have claws for hands.
Your natural rate of healing is unusually fast.
You are covered in fur. (AC +1)
You have tough skin. (AC +1)


Message History

The hornet stings you!
You are more poisoned.
You feel as though you will be slow longer.
The orc hits you with a +0 short sword.
You feel extremely sick. The hornet stings you.
You feel as though you will be slow longer.
The orc hits you with a +0 dagger. The sky beast hits you.
The sky beast shocks you.
An orc priest comes into view. It is wielding a +1 whip of draining.
The orc hits you with a +0 short sword.
You feel very sick. The hornet stings you!
* * * LOW HITPOINT WARNING * * *
You feel as though you will be slow longer.
The orc hits you with a +0 dagger.
* * * LOW HITPOINT WARNING * * *
The hornet barely misses you.
The sky beast hits you but does no damage.
The orc hits you but does no damage.
You can move again.
Okay, then.
Reach: r) +3 trident (freeze)
Press: ? - help, Dir - move target, f/p - hornet
Aim: a hornet (moderately wounded, about 58% to evade your +3 trident of freezing)
You puncture the hornet! You freeze the hornet.
The hornet is almost dead.
You feel very sick. The hornet barely misses you.
The orc hits you with a +0 dagger.
* * * LOW HITPOINT WARNING * * *
The sky beast flickers out of sight!
Deactivating autopickup; reactivate with Ctrl-A.
Something hits you.
* * * LOW HITPOINT WARNING * * *
Something shocks you.
* * * LOW HITPOINT WARNING * * *
The orc hits you with a +0 short sword.
* * * LOW HITPOINT WARNING * * *
The hornet stings you!
You die...

........)..........
..####.###.########
#.###.....#
#...#####.# ##
######.### #.# ...
+........###)# ..#
#####.##...#.####..###
#.........o.{......
#####..####.#.o@#...#
#............###y....#
#.###..###...# o..#.#
#.# #..# ##..# .....
#.# #..# #.# #####..
##.# #..# #. # ...#
#..# ## #### #... ##.#


You could see a hornet and 3 orcs.

Vanquished Creatures
  A water moccasin (D:5)
  A black bear (D:6)
  An ice beast (D:6)
  An ogre (D:6)
  A phantom (D:4)
  A bullfrog (D:4)
  4 wights
  A howler monkey (D:6)
  2 bombardier beetles (D:3)
  An orc priest (D:7)
  An iguana (D:4)
  Natasha (twice) (D:3)
  2 orc wizards (D:5)
  5 adders
  A shadow imp (D:6)
  2 ufetubi (D:5)
  A ribbon worm (D:3)
  A dart slug (D:1)
  14 orcs
  6 endoplasms
  4 giant cockroaches
  6 goblins
  10 hobgoblins
  8 jackals (D:1)
  4 kobolds
  2 quokkas
  2 ball pythons (D:3)
  5 bats (D:1)
  5 frilled lizards
  2 rats (D:2)
97 creatures vanquished.

Notes
Turn   | Place    | Note
-------+----------+-------------------------------------------
     0 | D:1      | Teroscates the Troll Berserker began the quest for the Orb.
     0 | D:1      | Reached XP level 1. HP: 22/22 MP: 0/0
   106 | D:1      | Reached XP level 2. HP: 29/29 MP: 1/1
   245 | D:1      | Reached XP level 3. HP: 36/36 MP: 2/2
   297 | D:1      | Reached ** piety under Trog
  1173 | D:2      | Found Ybrudu's Antique Armour Emporium.
  1592 | D:3      | Reached XP level 4. HP: 44/44 MP: 3/3
  1614 | D:3      | Reached skill level 4 in Unarmed Combat
  1869 | D:3      | Noticed Natasha
  1874 | D:3      | Killed Natasha
  1875 | D:3      | Reached XP level 5. HP: 46/52 MP: 4/4
  1940 | D:3      | Noticed Natasha
  1948 | D:3      | Killed Natasha
  2022 | D:3      | Found a broken altar of Ashenzari.
  2029 | D:3      | Found an iron altar of Okawaru.
  2034 | D:3      | Found a white marble altar of Elyvilon.
  2491 | D:3      | Reached skill level 1 in Short Blades
  2560 | D:4      | Noticed a phantom
  2570 | D:4      | Killed a phantom
  2571 | D:4      | Reached skill level 5 in Unarmed Combat
  2571 | D:4      | Reached XP level 6. HP: 60/61 MP: 5/5
  2661 | D:4      | Found Huqece Fukhlo's Weapon Shop.
  2801 | D:4      | Found Teemp's Assorted Antiques.
  2845 | D:4      | Reached *** piety under Trog
  2858 | D:4      | Found Xuokho's Magic Scroll Emporium.
  2905 | D:4      | Found Nihoeg's Armour Shop.
  2974 | D:4      | Found Cetwashre's Jewellery Shop.
  3070 | D:5      | Entered Level 5 of the Dungeon
  3130 | D:5      | Noticed a water moccasin
  3138 | D:5      | Killed a water moccasin
  3139 | D:5      | Reached skill level 6 in Unarmed Combat
  3206 | D:5      | Reached XP level 7. HP: 54/67 MP: 6/6
  4218 | D:6      | Reached skill level 1 in Throwing
  4219 | D:6      | Reached skill level 7 in Unarmed Combat
  4334 | D:6      | Reached skill level 1 in Stealth
  4434 | D:6      | Reached skill level 1 in Polearms
  4434 | D:6      | Reached XP level 8. HP: 69/78 MP: 7/7
  4738 | D:7      | Found a staircase to the Ecumenical Temple.
  4914 | D:7      | Noticed a hornet
  4917 | D:7      | Paralysed by a hornet for 3 turns
  4920 | D:7      | Mangled by a hornet

Illustrated notes

Levels and vault maps discovered:
D:1:      shiori_arrival_maze, layout_basic
D:2:      layout_rooms, serial_shops, nicolae_shop_just_a_little_nook,
          minmay_cut_off
D:3:      layout_basic, grunt_temple_overflow_diamond, dk_noncrumbling_2,
          chequers_serial_rivers_small_a, hex_tiny, minmay_misc_feat_ornament,
          uniq_natasha
D:4:      layout_rooms, serial_shops, shop, shop, nicolae_shop_real_fake_doors,
          shop, shop
D:5:      layout_loops_ring, dreamdust_princess_bridge
D:6:      layout_basic
D:7:      minmay_clustersquares, layout_basic, nzn_wu_jian_contemplation,
          nicolae_overflow_squiral, minmay_temple_entry_statues_fountains,
          minmay_fractal_squares_diagonal_5, uniq_prince_ribbit1

Skill      XL: |  1  2  3  4  5  6  7 |
---------------+----------------------+-----
Dodging        | 3 4 |  4.3
Unarmed Combat | 4 5 6 7 |  7.3
Fighting       | 3 |  3.8
Short Blades   | 1 |  1.0
Throwing       | 1 |  1.1
Stealth        | 1 |  1.0
Polearms       | 1 |  1.6

Action                     |  1- 3 |  4- 6 |  7- 9 || total
---------------------------+-------+-------+-------++-------
  Melee: Unarmed           |    84 |    95 |    54 ||   233
         Punch             |     1 |     1 |     1 ||     3
         Dagger            |    31 |       |       ||    31
         Short sword       |    23 |       |       ||    23
         Trident           |       |       |    23 ||    23
  Throw: Stone             |     5 |    11 |     9 ||    25
 Invoke: Berserk           |       |       |     2 ||     2
    Use: Scroll            |     7 |       |       ||     7
   Stab: Sleeping          |     1 |       |       ||     1
 Armour: Animal skin       |    81 |    77 |    40 ||   198
         Robe              |       |       |    20 ||    20
  Dodge: Dodged            |    56 |    53 |    61 ||   170
